 Dungeon Crawl Stone Soup version 0.31-a0-662-g684573625c (webtiles) character file.

Game seed: 3410771822442172453

3 senseless the Digger (level 1, 0/1 HPs)
             Began as a Gargoyle Earth Elementalist on Aug 31, 2023.
             Slain by a bat (1 damage)
             ... on level 1 of the Dungeon.
             The game lasted 00:00:46 (79 turns).

senseless the Digger (Gargoyle Earth Elementalist)    Turns: 79, Time: 00:00:47

Health: 0/1        AC:  1    Str: 21    XL:     1   Next: 50%
Magic:  1/3        EV:  7    Int: 15    God:
Gold:   0          SH:  0    Dex: 10    Spells: 3/4 levels left

rFire   + + .        c - melded +0 spear
rCold   x . .        (shield currently unavailable)
rNeg    + . .        a - melded +0 robe
rPois   ∞            (helmet currently unavailable)
rElec   .            (cloak currently unavailable)
rCorr   .            (gloves currently unavailable)
SInv    .            (boots currently unavailable)
Will    .....        (no amulet)
Stlth   ++           (no ring)
HPRegen 0.20/turn    (no ring)
MPRegen 0.08/turn

%: no passive effects
@: dragon-form, flying
A: dragon claw, dragon scales, breathe fire, flying, reduced hp, sickness
immunity, AC +2, giant, negative energy resistance 1, (electricity resistance),
torment resistance 1, petrification resistance
a: Breathe Fire, Begin Untransformation


You were on level 1 of the Dungeon.
You were a fearsome dragon!
You visited 1 branch of the dungeon, and saw 1 of its levels.

Inventory:

Hand Weapons
 c - a +0 spear (melded)
Armour
 a - a +0 robe (melded)
Talismans
 e - a dragon-blood talisman (active)
Scrolls
 d - a scroll of enchant weapon {unknown}
 f - a scroll of fear {unknown}
Potions
 b - a potion of magic


   Skills:
 + Level 1.6 Dodging
 + Level 2.2 Stealth
 + Level 2.0 Spellcasting
 + Level 0.8 Transmutations
 + Level 3.6 Earth Magic
 * Level 0.0 Shapeshifting


You had 3 spell levels left.
You knew the following spells:

 Your Spells              Type           Power      Damage    Failure   Level
a - Sandblast             Erth           24%        2d8       4%          1

Your spell library contained the following spells:

 Spells                   Type           Power      Damage    Failure   Level
 Passwall                 Tmut/Erth      6%         N/A       13%         2
 Stone Arrow              Conj/Erth      14%        3d7       30%         3
 Petrify                  Tmut/Erth      8%         N/A       65%         4


Dungeon Overview and Level Annotations

Branches:
Dungeon (1/15)

Altars:


Innate Abilities, Weirdness & Mutations

You are a fearsome dragon!
You have a powerful clawing attack.
Your giant scaled body is strong and resilient, but less evasive.
You can breathe fire.
You are flying.
Your maximum health is decreased, since you lack skill for your form.
Your armour is entirely melded.
You are incapable of wielding weapons or throwing items.
You are immune to sickness and miasma.
((Your stone body is resilient. (AC +2)))
You are immune to poison.
You resist negative energy. (rN+)
((You are resistant to electric shocks. (rElec)))
You are resistant to unholy torment.
You are immune to petrification.


Message History

Welcome, senseless the Gargoyle Earth Elementalist.
The heart of this dungeon contains the splendid artefact, the Orb of Zot.
Press ? for a list of commands and other information.
Found three items.
Found a staircase leading out of the dungeon.
Found a dragon-blood talisman.
You see here a +0 spear.
c - a +0 spear
d - a scroll labelled XATHRICL OPPEERR You see here a dragon-blood talisman.
e - a dragon-blood talisman
c - a +0 spear (weapon)
f - a scroll labelled GUZAEP FYKYXO You begin transforming.
You continue transforming. x3
You turn into a fearsome dragon!
Your +0 spear melds into your body.
Your +0 robe melds into your body.
HP restored.
You reach down and open the door. 2 endoplasms come into view.
Found a scroll labelled HOOCYQ APUHEOZ.
The endoplasm quivers.
There is an open door here.
The endoplasm quivers.
The blast of sand hits the endoplasm!
You kill the endoplasm!
The blast of sand hits the endoplasm.
The endoplasm is heavily wounded.
The blast of sand hits the endoplasm!
You kill the endoplasm!
Magic restored.
Found a stone staircase leading down.
A kobold comes into view. It is wielding a +0 whip.
The blast of sand hits the kobold.
The kobold is moderately wounded.
The kobold shouts!
A bat comes into view.
The blast of sand hits the kobold.
You kill the kobold!
You closely miss the bat. The bat hits you.
Ouch! That really hurt!
You die...

#. #> .. #.##########
#.......#.#..........#
...#...#..#..........#
..#...#...#..........#
.#...#....#......?...#
#.#.#.....#.....D..).#
...#......#......b...#
<...#.#...#..........#
.....#....'..........#
#...#.....#............
.#.##.....#.............
..#..#....##....##......
.#.#..#...##.#### ......
#......#..##.#


You could see a bat.

Vanquished Creatures
  2 endoplasms (D:1)
  A kobold (D:1)
3 creatures vanquished.

Notes
Turn   | Place    | Note
-------+----------+-------------------------------------------
     0 | D:1      | senseless the Gargoyle Earth Elementalist began the quest
                  | for the Orb.
     0 | D:1      | Reached XP level 1. HP: 10/10 MP: 3/3
    79 | D:1      | Slain by a bat

Illustrated notes

Levels and vault maps discovered:
D:1:      matt_arrival_diagonals, layout_basic

Action                     || total
---------------------------++-------
  Melee: Unarmed           ||     1
   Cast: Sandblast         ||     5
 Armour: Skin              ||     1
   Form: Dragon            ||     1

Table legend: (Time is in decaauts)
 A = Elapsed time spent in this place.
 B = Non-inter-level travel time spent in this place.
 C = Inter-level travel time spent in this place.
 D = Time resting spent in this place.
 E = Time spent auto-exploring this place.
 F = Levels seen in this place.
 G = Mean time per level.
                   A        B        C        D        E       F      G
               +--------+--------+--------+--------+--------+-----+--------+
         Total |     81 |     81 |      0 |      0 |     47 |   1 |   81.0 |
       Dungeon |     81 |     81 |      0 |      0 |     47 |   1 |   81.0 |
               +--------+--------+--------+--------+--------+-----+--------+

Top non-repeatable levels by time:
     D:1: 81 daAuts
